 Dungeon Crawl Stone Soup version 0.21.1-1-g345015f (webtiles) character file.

8905 equalderp2856 the Cleaver (level 11, -10/97 HPs)
             Began as a Minotaur Fighter on May 10, 2018.
             Mangled by a shadow (17 damage)
             ... on level 11 of the Dungeon.
             The game lasted 00:14:59 (10772 turns).

equalderp2856 the Cleaver (Minotaur Fighter)       Turns: 10772, Time: 00:15:01

Health: -10/97     AC: 19    Str: 21    XL:     11   Next: 16%
Magic:  10/10      EV:  7    Int:  6    God:
Gold:   169        SH:  0    Dex: 12    Spells: 10/10 levels left

rFire    . . .     SeeInvis .   F - +0 broad axe
rCold    . . .     Gourm    .   c - +0 shield
rNeg     . . .     Faith    .   D - +0 plate armour
rPois    +         Spirit   .   o - +0 hat
rElec    .         Reflect  .   G - +0 cloak {rPois}
rCorr    .         Harm     .   r - +2 pair of gloves
MR       .....                  (no boots)
Stlth    ..........             (no amulet)
HPRegen  0.26/turn              (no ring)
MPRegen  0.12/turn              (no ring)

@: confused, flying, slowed, very slow
A: retaliatory headbutt, horns 2
a: no special abilities


You were on level 11 of the Dungeon.
You were hungry.

You visited 1 branch of the dungeon, and saw 11 of its levels.

You collected 564 gold pieces.
You spent 395 gold pieces at shops.

Inventory:

Hand Weapons
 a - a +0 war axe
 F - a +0 broad axe (weapon)
 I - a +0 trident
Armour
 b - a +0 scale mail
 c - a +0 shield (worn)
 o - a +0 hat (worn)
 r - a +2 pair of gloves (worn)
 y - a +0 cloak
 D - a +0 plate armour (worn)
 G - a +0 cloak of poison resistance (worn)
Jewellery
 p - an uncursed ring of stealth {unknown}
 A - an uncursed ring of resist corrosion {unknown}
Wands
 N - a wand of flame (18)
Scrolls
 e - 6 scrolls of remove curse
 g - 5 scrolls of teleportation {unknown}
 h - 8 scrolls of identify {unknown}
 i - 5 scrolls of enchant armour {unknown}
 k - 3 scrolls of random uselessness {unknown}
 l - a scroll of fear {unknown}
 m - a scroll of immolation {unknown}
 s - a scroll of magic mapping {unknown}
 t - 5 scrolls of amnesia {unknown}
 v - 2 scrolls of enchant weapon {unknown}
 E - a scroll of fog {unknown}
 H - 2 scrolls of holy word {unknown}
 J - a scroll of summoning {unknown}
 K - a scroll of vulnerability {unknown}
 M - a scroll of noise {unknown}
Potions
 d - 3 potions of might
 j - a potion of lignification {unknown}
 n - a potion of heal wounds {unknown}
 q - 2 potions of agility
 u - a potion of ambrosia
 w - a potion of flight
 x - a potion of cancellation {unknown}
 z - a potion of berserk rage {unknown}
 B - a potion of resistance {unknown}
 L - a potion of haste {unknown}
Books
 C - a book of Changes

   Spells                             Type                      Level
   a - Beastly Appendage              Transmutation                1
   b - Sticks to Snakes               Transmutation                2
   c - Spider Form                    Transmutation/Poison         3
   d - Ice Form                       Ice/Transmutation            4
   e - Blade Hands                    Transmutation                5
Comestibles
 f - 26 rations


   Skills:
 + Level 9.4 Fighting
 + Level 13.0 Axes
 + Level 10.6 Armour
 + Level 2.7 Dodging
 + Level 0.8 Stealth
 + Level 9.4 Shields


You had 10 spell levels left.
You didn't know any spells.

Dungeon Overview and Level Annotations

Branches:
Dungeon (11/15)            Temple (0/1) D:4             Orc (0/2) D:10
   Lair: D:8-11

Altars:
Hepliaklqana
Kikubaaqudgha
Sif Muna

Shops:
D:5 *   D:6 :   D:8 }   D:9 *

Annotations:
D:4 Menkaure


Innate Abilities, Weirdness & Mutations

You reflexively headbutt those who attack you in melee.
You have a pair of horns on your head.


Message History

The bullfrog zombie closely misses you. Something hits you but does no damage.
Deactivating autopickup; reactivate with Ctrl-A.
The wraith completely misses you. The shadow barely misses you.
Your shield and plate armour prevent you from hitting the shadow.
The shadow is almost destroyed.
You hit the wraith but do no damage. You slash the bullfrog zombie!
You destroy the bullfrog zombie!
You completely miss something. Something hits you but does no damage.
The hornet zombie hits you!
* * * LOW HITPOINT WARNING * * *
The wraith completely misses you.
The shadow slips into darkness.
The shadow flickers and vanishes!
Something hits you but does no damage. The wraith hits you!
* * * LOW HITPOINT WARNING * * *
The wraith drains your vigour!
You feel as though you will be slow longer.
The hornet zombie hits you but does no damage.
The shadow strikes at you from the darkness!
You die...

...........#
...........#
..######...#
..#
#...########
..#
#..........#
.##
#####......#
.# #..W...#
## #..#{WZ#
#ZZ#.@.#
#..#...#
#.Z#...#
.W..#...#
W..Z..#...#
#.###..#....
# #..#.....
#..#.....
#..#


You could see a wraith, a shadow and a hornet zombie.

Vanquished Creatures
  Erica (D:10)
  A two-headed ogre (D:10)
  An unseen horror (D:10)
  An ugly thing (D:10)
  The ghost of Yorethra the Chopper, a novice MiBe of Trog (D:6)
  A troll (D:10)
  A hornet (D:8)
  2 hippogriffs
  Grinder (D:6)
  A flying skull (D:11)
  Sigmund (D:6)
  2 wyverns
  A human (D:8)
  Eustachio (D:6)
  4 yaks (D:9)
  2 hungry ghosts
  A sky beast (D:10)
  3 orc warriors
  2 phantoms
  3 ice beasts (D:10)
  2 black bears (D:10)
  An ogre (D:8)
  A centaur (D:5)
  A big kobold (D:5)
  5 bullfrogs
  A gnoll sergeant (D:9)
  A wyvern skeleton (D:11)
  3 scorpions
  5 killer bees
  2 wights (D:11)
  2 howler monkeys
  2 bullfrog zombies (D:11)
  3 hounds
  2 jellies
  4 crimson imps
  A centaur zombie (D:6)
  3 orc priests
  2 bullfrog skeletons
  2 centaur skeletons
  5 iguanas
  6 orc wizards
  8 worker ants
  A hound zombie (D:9)
  A howler monkey zombie (D:5)
  2 worker ant zombies
  7 gnolls
  11 adders
  An ooze (D:1)
  An adder skeleton (D:6)
  3 worms
  2 dart slugs
  4 leopard geckos
  22 orcs
  13 bats
  5 giant cockroaches
  4 goblins
  4 hobgoblins
  8 jackals
  9 kobolds
  A quokka (D:7)
  4 ball pythons
  9 frilled lizards
  A quokka skeleton (D:4)
  7 rats
213 creatures vanquished.

Notes
Turn   | Place    | Note
-------+----------+-------------------------------------------
     0 | D:1      | equalderp2856 the Minotaur Fighter began the quest for the Orb.
     0 | D:1      | Reached XP level 1. HP: 19/19 MP: 0/0
   145 | D:1      | Reached XP level 2. HP: 25/27 MP: 1/1
   242 | D:1      | Reached skill level 3 in Axes
   332 | D:1      | Reached XP level 3. HP: 33/33 MP: 2/2
   565 | D:1      | You fall through a shaft!
   873 | D:2      | Reached XP level 4. HP: 40/40 MP: 3/3
  1163 | D:3      | Reached skill level 1 in Dodging
  1374 | D:3      | Found an ancient bone altar of Kikubaaqudgha.
  1679 | D:3      | Reached skill level 4 in Axes
  1957 | D:4      | Reached XP level 5. HP: 42/47 MP: 4/4
  2038 | D:4      | You fall through a shaft!
  2038 | D:5      | Entered Level 5 of the Dungeon
  2233 | D:5      | Reached skill level 5 in Axes
  2241 | D:5      | Reached XP level 6. HP: 46/53 MP: 5/5
  2377 | D:4      | Reached skill level 5 in Armour
  2794 | D:4      | Found a staircase to the Ecumenical Temple.
  3008 | D:4      | Noticed Menkaure
  3286 | D:5      | Reached skill level 6 in Axes
  3329 | D:5      | Reached skill level 5 in Fighting
  3533 | D:5      | Reached XP level 7. HP: 43/61 MP: 6/6
  3536 | D:5      | Found Ijiomiof's Assorted Antiques.
  3627 | D:5      | Bought a pair of glowing gloves for 127 gold pieces
  3797 | D:5      | Reached skill level 7 in Axes
  3797 | D:5      | Reached skill level 5 in Shields
  4436 | D:6      | Noticed Eustachio
  4460 | D:6      | Killed Eustachio
  4560 | D:6      | Noticed Sigmund
  4589 | D:6      | Killed Sigmund
  4589 | D:6      | Reached XP level 8. HP: 67/70 MP: 7/7
  4794 | D:6      | Found a hazy altar of Hepliaklqana.
  4936 | D:6      | Reached skill level 8 in Axes
  4938 | D:6      | Noticed Yorethra's ghost (novice MiBe)
  4943 | D:6      | Noticed Grinder
  4958 | D:6      | Killed Yorethra's ghost
  4968 | D:6      | Paralysed by Grinder for 2 turns
  4970 | D:6      | Killed Grinder
  4970 | D:6      | Reached skill level 9 in Axes
  5317 | D:6      | Found Pocin's Book Boutique.
  5557 | D:7      | Found a deep blue altar of Sif Muna.
  5717 | D:7      | Reached XP level 9. HP: 72/78 MP: 8/8
  6106 | D:8      | Reached skill level 10 in Axes
  6145 | D:8      | Found Vamepro's Gadget Boutique.
  7152 | D:9      | Reached skill level 11 in Axes
  7437 | D:9      | Reached XP level 10. HP: 59/88 MP: 9/9
  7834 | D:9      | Found Qavuagient's Assorted Antiques.
  7844 | D:9      | Bought an embroidered cloak for 150 gold pieces
  7844 | D:9      | Bought a scroll labeled JAGE NUNIOH for 20 gold pieces
  7844 | D:9      | Bought a scroll labeled SUTECE PUDAE for 20 gold pieces
  7844 | D:9      | Bought a scroll labeled TIARUE XOMOYHU for 20 gold pieces
  7844 | D:9      | Bought a scroll labeled KOELOA BEATAC for 20 gold pieces
  7844 | D:9      | Bought a scroll labeled URGHIURPH UMODWO for 20 gold pieces
  7844 | D:9      | Bought a lumpy yellow potion for 18 gold pieces
  8100 | D:9      | Noticed a two-headed ogre
  8358 | D:10     | Entered Level 10 of the Dungeon
  8759 | D:10     | Noticed Erica
  8780 | D:10     | Killed Erica
  8780 | D:10     | Reached skill level 12 in Axes
  9051 | D:10     | Noticed a two-headed ogre
  9111 | D:10     | Killed a two-headed ogre
  9111 | D:10     | Reached skill level 10 in Armour
  9728 | D:10     | Noticed a red ugly thing
  9735 | D:10     | Killed a red ugly thing
  9739 | D:10     | Found a staircase to the Orcish Mines.
 10175 | D:10     | Killed an unseen horror
 10175 | D:10     | Reached XP level 11. HP: 44/97 MP: 10/10
 10622 | D:11     | Noticed a two-headed ogre
 10738 | D:11     | Noticed a necromancer
 10763 | D:11     | Reached skill level 13 in Axes
 10772 | D:11     | Mangled by a shadow

Skill      XL: |  1  2  3  4  5  6  7  8  9 10 11 |
---------------+----------------------------------+-----
Fighting       | 4 5 6 8 9 |  9.4
Armour         | 4 5 6 7 8 10 | 10.6
Axes           | 3 4 5 6 7 9 11 12 13 | 13.0
Shields        | 4 5 6 7 9 |  9.4
Dodging        | 1 2 |  2.7
Stealth        | |  0.8

Action                   |  1- 3 |  4- 6 |  7- 9 | 10-12 || total
-------------------------+-------+-------+-------+-------++-------
Melee: War axe           |    97 |   162 |   229 |       ||   488
       Headbutt          |    13 |    26 |    52 |    41 ||   132
       Broad axe         |       |       |    25 |   202 ||   227
  Use: Potion            |       |       |     2 |     2 ||     4
       Scroll            |       |       |       |     1 ||     1
  Eat: Chunk             |       |     7 |     9 |     6 ||    22
       Ration            |       |       |     3 |     2 ||     5
Armor: Scale mail        |    71 |    57 |    41 |       ||   169
       Plate armour      |       |       |    62 |   161 ||   223
Dodge: Dodged            |    23 |    47 |    55 |    69 ||   194
Block: Shield            |    55 |    81 |   137 |   159 ||   432
